 Dungeon Crawl Stone Soup version 0.28.0-43-g3370ac3207 (webtiles) character file.

Game seed: 6183163714746473499

4003 KamiKatze the Thaumaturge (level 10, -23/76 HPs)
             Began as a Djinni Conjurer on Feb 28, 2022.
             Was a Believer of Makhleb.
             Killed by the air
             ... invoked by Gastronok
              (37 damage)
             ... on level 8 of the Dungeon.
             The game lasted 00:48:01 (8496 turns).

KamiKatze the Thaumaturge (Djinni Conjurer)         Turns: 8496, Time: 00:48:02

Health: -23/76     AC: 12    Str:  6    XL:     10   Next: 47%
Gold:   141        EV: 12    Int: 23    God:    Makhleb [**....] SH:  0 Dex: 13

rFire   + + .      SeeInvis +   a - +2 rapier (speed)
rCold   . . .      Faith    .   (no shield)
rNeg    . . .      Spirit   .   w - +2 robe {rC+}
rPois   ∞          Reflect  .   l - +2 helmet
rElec   .          Harm     .   D - +1 cloak
rCorr   .          Rampage  .   E - +2 pair of gloves
Will    +....                   (boots unavailable)
Stlth   ++........              (no amulet)
HPRegen 0.22/turn               k - ring of see invisible
MPRegen 0.00/turn               (no ring)

@: flying
A: sickness immunity, fire resistance 2, cold vulnerability 1, float, innate
caster, HP casting, extra vitality 1
a: Renounce Religion, Minor Destruction


You were on level 8 of the Dungeon.
You worshipped Makhleb.
Makhleb was pleased with you.
You visited 2 branches of the dungeon, and saw 9 of its levels.

You collected 419 gold pieces.
You spent 278 gold pieces at shops.

Inventory:

Hand Weapons
 a - a +2 rapier of speed (weapon)
Missiles
 f - 202 stones (quivered)
 n - 21 poisoned darts
 B - a curare-tipped dart
Armour
 l - a +2 helmet (worn)
 t - the +1 ring mail "Johahen" {Str+4 Stlth+}
   (You found it on level 5 of the Dungeon)

   Str:       It affects your strength (+4).
   Stlth:     It makes you more stealthy.
 w - a +2 robe of cold resistance (worn)
 D - a +1 cloak (worn)
 E - a +2 pair of gloves (worn)
Jewellery
 k - a ring of see invisible (left hand)
Wands
 b - a wand of digging (8)
 y - a wand of polymorph (10)
Scrolls
 c - 2 scrolls of enchant weapon
 d - 3 scrolls of enchant armour
 i - a scroll of identify
 p - 2 scrolls of fog
 u - 2 scrolls of teleportation
 v - 2 scrolls of blinking
 C - a scroll of fear
Potions
 e - 2 potions of might
 j - a potion of mutation
 o - 4 potions of curing
 r - a potion of attraction
 s - 2 potions of haste
 z - a potion of lignification
 A - 3 potions of heal wounds


   Skills:
 + Level 7.6 Fighting
 - Level 3.0 Dodging
 - Level 3.0 Stealth
 * Level 9.1 Spellcasting
 + Level 4.1 Invocations


You had 4 spell levels left.
You knew the following spells:

 Your Spells              Type           Power      Damage    Failure   Level
a - Magic Dart            Conj           100%       1d8       1%          1
b - Searing Ray           Conj           100%       2d8       1%          2
c - Fulminant Prism       Conj/Hex       25%        3d14      1%          4
d - Iskenderun's Mystic   Conj/Tloc      51%        2d11      1%          4
e - Dazzling Flash        Conj/Hex       100%       N/A       1%          3
f - Freeze                Ice            100%       1d11      1%          1
g - Poisonous Vapours     Pois/Air       100%       N/A       1%          2
k - Ice Form              Ice/Tmut       51%        N/A       1%          4
w - Passwall              Tmut/Erth      42%        N/A       1%          2
Your spell library was empty.

Dungeon Overview and Level Annotations

Branches:
Dungeon (8/15)             Temple (1/1) D:4            Lair (0/6) D:8

Altars:
Cheibriados
Dithmenos
Elyvilon
Fedhas
Gozag
Hepliaklqana
Kikubaaqudgha
Makhleb
Nemelex Xobeh
Okawaru
Ru
Sif Muna
Trog
Uskayaw
Vehumet
Wu Jian
Xom
Yredelemnul
Zin
The Shining One

Shops:
D:5 ?[!*:

Annotations:
D:8 3 runed translucent doors, exclusion: 3 doors, Gastronok


Innate Abilities, Weirdness & Mutations

You are immune to sickness and miasma.
You are immune to poison.
Your flesh is very heat resistant. (rF++)
You are vulnerable to cold. (rC-)
You float through the air rather than walking.
You learn spells naturally, not from books.
Your magical power is your life essence.
You have superior vitality. (+4 MHP)


Message History

Press: ? - help, Dir - move target, p - Gastronok You conjure a prism of explosive energy!
* * * LOW HITPOINT WARNING * * *
A fulminant prism comes into view.
Unknown command.
Casting: Fulminant Prism (dangerous; 1% risk of failure)
Confirm with . or Enter, or press ? or * to list all spells.
You erupt in a blast of force!
The mystic blast hits Gastronok!
Gastronok is moderately wounded.
Gastronok is knocked back by the mystic blast.
* * * LOW HITPOINT WARNING * * *
Your fulminant prism crackles loudly.
Casting: Iskenderun's Mystic Blast (dangerous; 1% risk of failure)
Confirm with . or Enter, or press ? or * to list all spells.
You erupt in a blast of force!
The mystic blast hits Gastronok!!
Gastronok is heavily wounded.
* * * LOW HITPOINT WARNING * * *
Your fulminant prism explodes!
The blast of energy engulfs Gastronok!!
Gastronok is severely wounded.
Casting: Iskenderun's Mystic Blast (dangerous; 1% risk of failure)
Confirm with . or Enter, or press ? or * to list all spells.
You erupt in a blast of force!
The mystic blast hits Gastronok!
Gastronok is severely wounded.
Gastronok is knocked back by the mystic blast.
* * * LOW HITPOINT WARNING * * *
Unknown command.
Casting: Iskenderun's Mystic Blast (dangerous; 1% risk of failure)
Confirm with . or Enter, or press ? or * to list all spells.
You can't see any susceptible monsters within range! (Use Z to cast anyway.)
Casting: Iskenderun's Mystic Blast (dangerous; 1% risk of failure)
Confirm with . or Enter, or press ? or * to list all spells.
Aiming: Fulminant Prism (dangerous; 1% risk of failure)
Press: ? - help, Dir - move target You conjure a prism of explosive energy!
* * * LOW HITPOINT WARNING * * *
A fulminant prism comes into view.
Gastronok waves his eye-stalks in wide circles.
The air twists around and strikes you!!!
You die...

# ###...#...#...# #
#.....#!#u..#.# #
#.##.##.uuuu..#
#########.##.####+++###
#.............#.......##
.....####..#.#..w*.....#
.....# #..#........(###
.....# #......#.....#
#...## ###..w##@....#
##### ##.######### # #.#
# #.. # ## ### ..# #.#


You could see Gastronok (very poisoned, ally target), 5 ugly things and a
friendly fulminant prism.

Vanquished Creatures
  A two-headed ogre (D:8)
  A manticore (D:8)
  Eustachio (D:5)
  A steam dragon (D:7)
  Edmund (D:5)
  An ice beast (D:6)
  2 ogres (D:5)
  3 necrophages
  3 centaurs
  2 kobold brigands (D:6)
  6 scorpions
  A wyvern zombie (D:4)
  A gnoll sergeant (D:7)
  A wyvern skeleton (D:6)
  3 wights (D:6)
  A howler monkey (D:4)
  3 centaur zombies
  A centaur skeleton (D:7)
  3 hounds
  4 orc priests
  Crazy Yiuf (D:6)
  An iguana (D:5)
  7 orc wizards
  A hound skeleton (D:5)
  10 gnolls
  7 adders
  An ufetubus (D:5)
  A worm (D:2)
  A dart slug (D:4)
  19 orcs
  8 endoplasms
  5 giant cockroaches
  8 goblins
  7 hobgoblins
  17 kobolds
  6 quokkas
  3 ball pythons
  5 bats
  3 frilled lizards (D:2)
  7 rats
158 creatures vanquished.

Vanquished Creatures (others)
  42 fulminant prisms
  3 plants (D:4)
45 creatures vanquished.

Grand Total: 203 creatures vanquished

Notes
Turn   | Place    | Note
-------+----------+-------------------------------------------
     0 | D:1      | KamiKatze the Djinni Conjurer began the quest for the Orb.
     0 | D:1      | Reached XP level 1. HP: 15/15 MP: 0/0
   252 | D:1      | Reached XP level 2. HP: 16/22 MP: 0/0
   576 | D:1      | Reached XP level 3. HP: 13/26 MP: 0/0
   576 | D:1      | Learned a level 1 spell: Freeze
   833 | D:1      | Reached skill level 1 in Fighting
  1471 | D:2      | You are sucked into a shaft and drop 1 floor!
  1748 | D:3      | Reached XP level 4. HP: 30/32 MP: 0/0
  2105 | D:2      | Reached XP level 5. HP: 30/37 MP: 0/0
  2105 | D:2      | Learned a level 2 spell: Poisonous Vapours
  3181 | D:3      | Reached skill level 4 in Spellcasting
  3290 | D:4      | Reached XP level 6. HP: 33/43 MP: 0/0
  4002 | D:4      | Reached XP level 7. HP: 36/50 MP: 0/0
  4002 | D:4      | Learned a level 2 spell: Passwall
  4141 | D:4      | Reached skill level 5 in Spellcasting
  4641 | D:4      | Found a staircase to the Ecumenical Temple.
  4706 | Temple   | Entered the Ecumenical Temple
  4815 | Temple   | Became a worshipper of Makhleb the Destroyer
  4964 | D:5      | Entered Level 5 of the Dungeon
  4968 | D:5      | Identified the +1 ring mail "Johahen" {Str+4 Stlth+}
  4995 | D:5      | Found Olupp's General Store.
  5002 | D:5      | Bought a scroll of identify for 22 gold pieces
  5002 | D:5      | Bought a scroll of teleportation for 33 gold pieces
  5277 | D:5      | Reached XP level 8. HP: 34/58 MP: 0/0
  5497 | D:5      | Reached skill level 6 in Spellcasting
  5527 | D:5      | Found a blossoming altar of Fedhas.
  5527 | D:5      | Found a snail-covered altar of Cheibriados.
  5578 | D:5      | Found Getearuj's Antique Armour Shoppe.
  5588 | D:5      | Bought a runed robe for 103 gold pieces
  5620 | D:5      | Found Neizoovoupt's Distillery.
  5709 | D:5      | Found Leira's Book Shoppe.
  5752 | D:5      | Noticed Eustachio
  5806 | D:5      | Killed Eustachio
  5925 | D:5      | Reached skill level 5 in Fighting
  5962 | D:5      | Found a white marble altar of Elyvilon.
  5963 | D:5      | Found a hazy altar of Hepliaklqana.
  5965 | D:5      | Found an ornate altar of the Wu Jian Council.
  5965 | D:5      | Found an opulent altar of Gozag.
  5968 | D:5      | Found a basalt altar of Yredelemnul.
  6025 | D:5      | Bought a potion of lignification for 45 gold pieces
  6025 | D:5      | Bought a potion of heal wounds for 75 gold pieces
  6061 | D:5      | Found Xiepoh's Magic Scroll Emporium.
  6102 | D:5      | Found an iron altar of Okawaru.
  6158 | D:5      | Noticed Edmund
  6177 | D:5      | Killed Edmund
  6463 | D:6      | Reached skill level 7 in Spellcasting
  6463 | D:6      | Reached XP level 9. HP: 56/65 MP: 0/0
  6463 | D:6      | Learned a level 4 spell: Ice Form
  6466 | D:6      | Reached * piety under Makhleb
  6920 | D:6      | Identified the +0 ring mail of Yesterday {Drain rElec rC-
                  | Str+8}
  7000 | D:6      | Reached skill level 1 in Invocations
  7019 | D:6      | Found a runed translucent door.
  7020 | D:6      | Noticed Crazy Yiuf
  7084 | D:6      | Reached skill level 8 in Spellcasting
  7188 | D:6      | Found a shadowy altar of Dithmenos.
  7400 | D:6      | Killed Crazy Yiuf
  7611 | D:7      | Reached XP level 10. HP: 47/75 MP: 0/0
  7823 | D:7      | Identified the +7 short sword "Loazuuze" {elec, *Rage rC++
                  | rN+ MP+9 Stlth+}
  8250 | D:8      | Noticed a two-headed ogre
  8261 | D:8      | Killed a two-headed ogre
  8262 | D:8      | Reached skill level 9 in Spellcasting
  8320 | D:8      | Found a staircase to the Lair.
  8326 | D:8      | Reached ** piety under Makhleb
  8406 | D:8      | Noticed a manticore
  8424 | D:8      | Killed a manticore
  8457 | D:8      | Found a runed translucent gate.
  8457 | D:8      | Found a runed translucent gate.
  8457 | D:8      | Found a runed translucent gate.
  8457 | D:8      | Noticed a cyan ugly thing
  8457 | D:8      | Noticed a white ugly thing
  8457 | D:8      | Noticed a red ugly thing
  8457 | D:8      | Noticed a brown ugly thing
  8457 | D:8      | Noticed a brown ugly thing
  8482 | D:8      | Noticed Gastronok
  8490 | D:8      | HP: 3/76 [Gastronok/the air (25)]
  8496 | D:8      | Killed from afar by Gastronok

Illustrated notes

Levels and vault maps discovered:
D:1:      erik_arrival_triangle_medium, layout_loops_ring
D:2:      layout_loops_cross
D:3:      layout_basic
D:4:      layout_rooms, minmay_temple_entry_gardened_gates,
          lightli_corner_chamber
D:5:      minmay_inner_zag, layout_gridville, grunt_temple_overflow_open,
          kennysheep_little_box, gammafunk_temple_overflow_elements,
          serial_shops, nicolae_shop_stone, nicolae_shop_trees,
          nicolae_shop_stone, nicolae_shop_crystal, nicolae_shop_stone,
          hangedman_decor_riveting, uniq_eustachio, uniq_edmund
D:6:      layout_cave_pools, nicolae_dithmenos_the_darkroom, kennysheep_donut,
          st_stairs_10, hex_medium, serial_bayou_pond_e, uniq_crazy_yiuf_cottage
D:7:      layout_basic, minmay_misc_feat_more_columns
D:8:      layout_loops_cross, mainiacjoe_overflow_small_starburst,
          lair_entry_dummy, ploomutoo_gammafunk_ghost_potion_laboratory,
          uniq_gastronok
Temple:   kb_temple_of_zot

Skill      XL: |  1  2  3  4  5  6  7  8  9 10 |
---------------+-------------------------------+-----
Fighting       | 1 2 3 4 5 7 |  7.6
Stealth        | 2 3 |  3.0
Dodging        | 3 |  3.0
Spellcasting   | 4 5 7 8 9 |  9.1
Invocations    | 2 4 |  4.1

Action                   |  1- 3 |  4- 6 |  7- 9 | 10-12 || total
-------------------------+-------+-------+-------+-------++-------
Melee: Short sword       |       |     4 |    14 |       ||    18
 Cast: Magic Dart        |    52 |    25 |    26 |     1 ||   104
       Searing Ray       |    11 |    20 |    19 |     1 ||    51
       Freeze            |     1 |       |       |       ||     1
       Poisonous Vapours |       |     3 |    41 |     7 ||    51
       Fulminant Prism   |       |     1 |    33 |     9 ||    43
       Iskenderun's Myst |       |       |     8 |     9 ||    17
       Passwall          |       |       |     1 |       ||     1
       Ice Form          |       |       |     1 |       ||     1
  Use: Scroll            |       |       |     6 |     9 ||    15
       Potion            |       |       |       |     1 ||     1
 Stab: Sleeping          |       |       |     1 |       ||     1
Armor: Robe              |     4 |     9 |    34 |       ||    47
       Skin              |       |       |     1 |       ||     1
Dodge: Dodged            |     6 |    31 |    35 |     5 ||    77
